 Dungeon Crawl Stone Soup version 0.16.1-11-g651b585 (webtiles) character file.

421 jacksonaction the Changer (level 6, -1/54 HPs)
             Began as a Troll Transmuter on Mar 31, 2015.
             Slain by an ice beast (10 damage)
             ... on level 4 of the Dungeon.
             The game lasted 00:23:25 (3218 turns).

jacksonaction the Changer (Troll Transmuter)        Turns: 3218, Time: 00:23:25

Health: -1/54      AC:  2    Str: 20    XL:     6   Next: 62%
Magic:  2/5        EV: 19    Int: 10    God:
Gold:   146        SH:  0    Dex: 15    Spells: 2 memorised, 3 levels left

rFire  . . .     SeeInvis .       - Unarmed
rCold  . . .     Clarity  .     c - melded +0 robe
rNeg   . . .     SustAb   .     (shield currently unavailable)
rPois  x         Gourm    +     (helmet currently unavailable)
rElec  .         Spirit   .     (cloak currently unavailable)
rCorr  .         Warding  .     (gloves unavailable)
rMut   .         Stasis   .     (boots unavailable)
MR     .....                    (no amulet)
Stlth  ++........               (no ring)
                                (no ring)

@: spider-form, not resistant to hostile enchantments, unstealthy
A: unfitting armour, (claws 0), fast metabolism 3, gourmand, regeneration 2,
(shaggy fur 0), (tough skin 0)
a: End Transformation


You were on level 4 of the Dungeon.
You were not hungry.
You were a venomous arachnid creature.
You visited 1 branch of the dungeon, and saw 4 of its levels.

You collected 146 gold pieces.

Inventory:

Missiles
 l - 81 stones (quivered)
Armour
 c - a +0 robe (melded)
Jewellery
 q - an uncursed ring of poison resistance {unknown}
 x - an uncursed ring of teleport control {unknown}
Magical devices
 o - a wand of random effects (22)
 y - a wand of magic darts (8)
 H - a wand of polymorph (5)
Scrolls
 h - a scroll of enchant armour {unknown}
 j - 2 scrolls of identify {unknown}
 k - 2 scrolls of fog {unknown}
 m - 2 scrolls of enchant weapon {unknown}
 s - a scroll of amnesia {unknown}
 t - a scroll of immolation {unknown}
 u - a scroll of noise {unknown}
 D - 2 scrolls of magic mapping {unknown}
 E - a scroll of remove curse {unknown}
 F - 2 scrolls of teleportation {unknown}
Potions
 b - a potion of heal wounds {unknown}
 e - 2 potions of might {unknown}
 i - 2 potions of magic {unknown}
 p - 4 potions of curing {unknown}
 z - a potion of ambrosia {unknown}
 A - a potion of berserk rage {unknown}
 B - a potion of flight {unknown}
 G - a potion of agility {unknown}
 I - a potion of mutation {unknown}
Books
 d - a book of Changes

   Spells                             Type                      Level
   a - Beastly Appendage              Transmutation                1
   b - Sticks to Snakes               Transmutation                2
   c - Spider Form                    Transmutation/Poison         3
   d - Ice Form                       Ice/Transmutation            4
   e - Blade Hands                    Transmutation                5
 v - a book of Alchemy

   Spells                             Type                      Level
   a - Sublimation of Blood           Necromancy                   2
   b - Alistair's Intoxication        Transmutation/Poison         4
   c - Condensation Shield            Ice                          4
   d - Petrify                        Transmutation/Earth          4
   e - Ignite Poison                  Fire/Transmutation           5
   f - Irradiate                      Conjuration/Transmutation    5
Comestibles
 a - 3 meat rations
 f - 2 slices of pizza
 g - 5 fruits
 n - a royal jelly
 r - a beef jerky
 w - a bread ration


   Skills:
 - Level 0.7 Fighting
 - Level 1.5 Dodging
 - Level 0.5 Stealth
 - Level 3.0 Unarmed Combat
 - Level 1.2 Spellcasting
 + Level 4.4 Transmutations
 * Level 2.5 Poison Magic


You had 3 spell levels left.
You knew the following spells:

 Your Spells              Type           Power        Failure   Level  Hunger
a - Beastly Appendage     Trmt           #.....       21%         1    ##.....
b - Spider Form           Trmt/Pois      #.........   50%         3    ####...


Dungeon Overview and Level Annotations

Branches:
Dungeon (4/15)
 Temple: D:4-7

Altars:
Fedhas
Gozag
Vehumet
Xom


Innate Abilities, Weirdness & Mutations

You are too large for most types of armour.
((You have claws for hands.))
Your metabolism is lightning-fast.
You like to eat raw meat.
You heal very quickly.
((You are covered in fur (AC +1).))
((You have very tough skin (AC +2).))


Message History

Casting: Spider Form
Confirm with . or Enter, or press ? or * to list all spells.
You turn into a venomous arachnid creature.
Your +0 robe melds into your body.
The ice beast completely misses you.
You hit the ice beast.
The ice beast is severely wounded.
The ice beast hits you. The ice beast freezes you!
You barely miss the ice beast.
The ice beast is severely wounded.
The ice beast hits you. The ice beast freezes you!
You hit the ice beast but do no damage.
The ice beast is severely wounded.
The ice beast hits you. The ice beast freezes you!
* * * LOW HITPOINT WARNING * * *
You barely miss the ice beast.
The ice beast is severely wounded.
The ice beast hits you.
* * * LOW HITPOINT WARNING * * *
The ice beast freezes you!
You die...

.......(.............###.#
####'###(.#.#..........#.#
##...##.(..#.#<...#.#.#.#
##.....##..##.#......# #.#
#.......#...#.######## #.#
#.......#)#.#........#
#.####
#...)...#(#(########.#
#....#
##.....##.#..#######.#
####.#
##...##......)Ys....# #.#
#######..###.######### #.#
.........###.## #.#
...........#..# #.#
..###......##.## #.# ..#
#......##..# #.#
..###......###.# #.#
#.....)..### #.## #.#
#######.## #..# #.#


You could see an ice beast.

Vanquished Creatures
  An ogre (D:4)
  Blork the orc (D:4)
  An orc priest (D:3)
  Terence (D:3)
  7 gnolls (D:3)
  6 adders
  A giant mite (D:2)
  2 worms (D:2)
  An ooze (D:2)
  12 orcs
  7 bats
  6 giant cockroaches
  9 goblins
  15 hobgoblins
  2 quokkas
  A ball python (D:4)
  A giant gecko skeleton (D:4)
  4 giant newts
  9 kobolds
  6 rats
93 creatures vanquished.

Notes
Turn   | Place    | Note
--------------------------------------------------------------
     0 | D:1      | jacksonaction, the Troll Transmuter, began the quest for the Orb.
     0 | D:1      | Reached XP level 1. HP: 18/18 MP: 2/2
   260 | D:1      | Reached XP level 2. HP: 26/26 MP: 1/2
   516 | D:2      | Reached XP level 3. HP: 32/32 MP: 1/3
   569 | D:2      | Learned a level 3 spell: Spider Form
   773 | D:2      | Reached skill level 1 in Poison Magic
   781 | D:2      | Reached XP level 4. HP: 18/40 MP: 2/4
  1421 | D:3      | Reached XP level 5. HP: 46/46 MP: 4/4
  1482 | D:3      | Found a shimmering altar of Xom.
  1733 | D:3      | Noticed Terence
  1747 | D:3      | Killed Terence
  2012 | D:3      | Found a radiant altar of Vehumet.
  2019 | D:3      | Found a blossoming altar of Fedhas.
  2562 | D:4      | Reached XP level 6. HP: 54/54 MP: 3/5
  2732 | D:4      | Found an opulent altar of Gozag.
  2781 | D:4      | Noticed Blork the orc
  2794 | D:4      | Killed Blork the orc
  2794 | D:4      | Reached skill level 4 in Transmutations
  2959 | D:4      | Noticed an ogre
  2974 | D:4      | Killed an ogre
  3028 | D:4      | Noticed an ice beast
  3218 | D:4      | Slain by an ice beast

Action                   |  1- 3 |  4- 6 || total
-------------------------+-------+-------++-------
Melee: Unarmed           |   100 |   220 ||   320
Throw: Stone             |       |    72 ||    72
 Cast: Beastly Appendage |    15 |    27 ||    42
       Spider Form       |       |     6 ||     6
  Eat: Chunk             |    13 |    19 ||    32
